[ AOE2 MATCH · #505595796 ]
UnrankedEthiopians vs Slavs
[ REPLAY ANALYSIS · EXTRACTED FROM THE RECORDED GAME ]
Feudal
12:16
Castle
19:40
Imperial
35:29
| APM avg | 25.7 |
| APM peak | 62 |
| eAPM avg | 12.8 |
| Villagers / military | 97 / 220 |
Focus
⚔️ 25.2% · 🌾 74.8%
Archer ×211 · Trade Cart ×6 · Fire Galley ×4 · Fishing Ship ×4 · Demolition Raft ×3 · Battering Ram ×1
Feudal
12:26
Castle
18:20
Imperial
41:17
| APM avg | 17.1 |
| APM peak | 38 |
| eAPM avg | 12.7 |
| Villagers / military | 112 / 215 |
Focus
⚔️ 31.6% · 🌾 68.4%
Boyar ×115 · Militia ×96 · Trade Cart ×25 · Transport Ship ×2 · Monk ×1 · Knight ×1
Feudal
13:43
Castle
25:13
Imperial
47:08
| APM avg | 21.3 |
| APM peak | 38 |
| eAPM avg | 13.4 |
| Villagers / military | 108 / 161 |
Focus
⚔️ 29.3% · 🌾 70.7%
Spearman ×104 · Berserk ×50 · Trade Cart ×8 · Battering Ram ×6 · Monk ×1
Feudal
11:15
Castle
17:39
Imperial
34:15
| APM avg | 27.9 |
| APM peak | 55 |
| eAPM avg | 15.0 |
| Villagers / military | 88 / 149 |
Focus
⚔️ 40.2% · 🌾 59.8%
Berserk ×79 · Longboat ×39 · Skirmisher ×20 · Fishing Ship ×13 · Cannon Galleon ×10 · Trade Cart ×7
Feudal
12:13
Castle
19:25
Imperial
31:08
| APM avg | 21.0 |
| APM peak | 43 |
| eAPM avg | 12.6 |
| Villagers / military | 73 / 92 |
Focus
⚔️ 35.1% · 🌾 64.9%
Skirmisher ×37 · Camel Scout ×27 · Spearman ×17 · Shrivamsha Rider ×5 · Chakram Thrower ×3 · Trebuchet (Packed) ×2
Feudal
11:20
Castle
17:44
Imperial
36:15
| APM avg | 31.4 |
| APM peak | 80 |
| eAPM avg | 14.6 |
| Villagers / military | 126 / 147 |
Focus
⚔️ 32.4% · 🌾 67.6%
Elephant Archer ×116 · Fishing Ship ×20 · Armored Elephant ×13 · Unknown (2626) ×8 · Urumi Swordsman ×6 · Mangonel ×5
Match map
Initial resources + every placement click. Lines = walls · curves = elevation contours. ◆ gold · ⬟ stone · ● berries · ✦ relic · ◌ wall gap
Your base· ✓ Map-separated
felipegarcia92's base· ✓ Map-separated
Matarreyes's base· ✓ Map-separated
vitavidal91's base· ✓ Map-separated
Chekesin89's base· ✓ Map-separated
GuilleLeopold17's base· ✓ Map-separated
Smoothed initial terrain · ◌ = detected wall gap · hover for details
Inputs per minute
— Odiseo - - felipegarcia92
Build order — Odiseo
First 150 of 331 actions detected
| 0:02 | Queue | Villager (Male) |
| 0:03 | Queue | Villager (Male) |
| 0:03 | Queue | Villager (Male) |
| 0:04 | Build | House |
| 0:06 | Build | House |
| 0:07 | Build | House |
| 0:11 | Queue | Villager (Male) |
| 0:37 | Research | Loom |
| 1:36 | Queue | Villager (Male) |
| 2:11 | Queue | Villager (Male) |
| 2:40 | Queue | Villager (Male) |
| 3:17 | Queue | Villager (Male) |
| 3:47 | Build | Dock |
| 3:53 | Queue | Villager (Male) |
| 4:29 | Queue | Villager (Male) |
| 4:30 | Queue | Villager (Male) |
| 4:43 | Build | Palisade Wall |
| 4:50 | Queue | Villager (Male) |
| 5:09 | Build | Lumber Camp |
| 5:20 | Queue | Villager (Male) |
| 5:45 | Queue | Villager (Male) |
| 6:22 | Queue | Villager (Male) |
| 6:23 | Queue | Villager (Male) |
| 6:27 | Queue | Villager (Male) |
| 6:33 | Build | House |
| 6:35 | Build | House |
| 7:07 | Queue | Villager (Male) |
| 7:44 | Build | House |
| 7:47 | Build | House |
| 7:52 | Build | Palisade Wall |
| 8:12 | Build | Palisade Wall |
| 8:21 | Queue | Villager (Male) |
| 8:21 | Queue | Villager (Male) |
| 8:26 | Queue | Villager (Male) |
| 8:26 | Queue | Villager (Male) |
| 8:37 | Build | Mill |
| 8:50 | Queue | Fishing Ship |
| 9:50 | Build | Barracks |
| 10:06 | Research | Feudal Age |
| 10:40 | Queue | Fishing Ship |
| 10:41 | Queue | Fishing Ship |
| 11:11 | Build | House |
| 11:19 | Build | Mining Camp |
| 11:25 | Build | Farm |
| 11:47 | Build | Palisade Wall |
| 11:55 | Build | Palisade Wall |
| 12:02 | Build | Palisade Wall |
| 12:08 | Queue | Villager (Male) |
| 12:08 | Queue | Villager (Male) |
| 12:16 | Age | Feudal Age |
| 12:37 | Research | Tech 906 |
| 12:40 | Queue | Villager (Male) |
| 12:43 | Research | Double-Bit Axe |
| 12:45 | Build | Farm |
| 13:15 | Build | Farm |
| 13:18 | Queue | Villager (Male) |
| 13:20 | Research | Gold Mining |
| 13:24 | Queue | Villager (Male) |
| 13:37 | Queue | Fishing Ship |
| 14:12 | Build | Market |
| 14:23 | Build | Farm |
| 14:30 | Queue | Villager (Male) |
| 14:30 | Queue | Villager (Male) |
| 15:12 | Build | Archery Range |
| 15:17 | Queue | Villager (Male) |
| 15:32 | Queue | Villager (Male) |
| 15:32 | Queue | Villager (Male) |
| 15:57 | Build | Archery Range |
| 16:02 | Queue | Villager (Male) |
| 16:21 | Queue | Demolition Raft |
| 16:21 | Queue | Demolition Raft |
| 16:50 | Build | Blacksmith |
| 16:55 | Research | Castle Age |
| 17:14 | Build | House |
| 17:17 | Queue | Archer |
| 17:17 | Queue | Archer |
| 17:37 | Queue | Demolition Raft |
| 17:49 | Build | Farm |
| 17:50 | Queue | Villager (Male) |
| 18:01 | Build | Archery Range |
| 18:43 | Queue | Fire Galley |
| 18:44 | Queue | Fire Galley |
| 18:51 | Build | Mining Camp |
| 18:58 | Queue | Villager (Male) |
| 19:05 | Queue | Villager (Male) |
| 19:30 | Build | Mining Camp |
| 19:34 | Queue | Villager (Male) |
| 19:40 | Build | Farm |
| 19:40 | Age | Castle Age |
| 19:40 | Build | Farm |
| 19:40 | Build | Farm |
| 19:43 | Research | Horse Collar |
| 19:51 | Research | Crossbowman (upgrade) |
| 20:14 | Build | Town Center |
| 20:30 | Queue | Villager (Male) |
| 21:32 | Queue | Archer ×5 |
| 21:32 | Queue | Archer ×5 |
| 21:39 | Queue | Villager (Male) |
| 21:39 | Queue | Villager (Male) |
| 21:41 | Queue | Villager (Male) |
| 21:41 | Queue | Villager (Male) |
| 21:42 | Queue | Villager (Male) |
| 21:42 | Queue | Villager (Male) |
| 21:54 | Queue | Villager (Male) |
| 21:57 | Queue | Villager (Male) |
| 22:21 | Research | Fletching |
| 22:25 | Queue | Trade Cart |
| 22:56 | Build | House |
| 22:58 | Build | House |
| 23:00 | Build | House |
| 23:01 | Build | House |
| 23:06 | Research | Wheelbarrow |
| 23:10 | Queue | Villager (Male) |
| 23:18 | Queue | Archer ×3 |
| 23:31 | Research | Bodkin Arrow |
| 23:39 | Research | Town Watch |
| 23:43 | Queue | Villager (Male) |
| 24:04 | Build | Town Center |
| 24:12 | Queue | Archer ×5 |
| 24:21 | Queue | Villager (Male) |
| 24:22 | Queue | Villager (Male) |
| 25:22 | Build | Farm |
| 25:26 | Build | Farm |
| 25:27 | Queue | Villager (Male) |
| 25:27 | Queue | Villager (Male) |
| 25:31 | Queue | Villager (Male) |
| 25:31 | Queue | Villager (Male) |
| 25:31 | Queue | Villager (Male) |
| 25:40 | Build | University |
| 25:45 | Queue | Villager (Male) |
| 25:45 | Queue | Villager (Male) |
| 25:56 | Research | Padded Archer Armor |
| 26:02 | Queue | Archer ×5 |
| 26:06 | Build | Farm |
| 26:09 | Queue | Villager (Male) |
| 26:28 | Build | Farm |
| 26:28 | Build | Farm |
| 26:56 | Build | Castle |
| 27:06 | Build | Farm |
| 27:09 | Build | Farm |
| 27:10 | Queue | Villager (Male) |
| 27:10 | Queue | Villager (Male) |
| 27:12 | Queue | Villager (Male) |
| 27:12 | Queue | Villager (Male) |
| 27:13 | Queue | Villager (Male) |
| 27:22 | Queue | Villager (Male) |
| 27:22 | Queue | Villager (Male) |
| 27:25 | Build | House |
| 27:25 | Build | House |
| 27:26 | Build | House |
Build order — felipegarcia92
First 150 of 372 actions detected
| 0:06 | Queue | Villager (Male) |
| 0:07 | Queue | Villager (Male) |
| 0:07 | Queue | Villager (Male) |
| 0:07 | Queue | Villager (Male) |
| 0:08 | Queue | Villager (Male) |
| 0:11 | Build | House |
| 0:13 | Build | House |
| 1:37 | Queue | Villager (Male) |
| 2:07 | Queue | Villager (Male) |
| 2:07 | Queue | Villager (Male) |
| 2:23 | Queue | Villager (Male) |
| 2:23 | Queue | Villager (Male) |
| 3:01 | Queue | Villager (Male) |
| 3:01 | Queue | Villager (Male) |
| 3:23 | Queue | Villager (Male) |
| 3:30 | Build | House |
| 3:36 | Build | Mill |
| 3:52 | Queue | Villager (Male) |
| 4:15 | Queue | Villager (Male) |
| 4:42 | Research | Loom |
| 4:42 | Research | Loom |
| 4:59 | Build | Lumber Camp |
| 5:12 | Queue | Villager (Male) |
| 5:12 | Queue | Villager (Male) |
| 5:28 | Queue | Villager (Male) |
| 5:28 | Queue | Villager (Male) |
| 5:40 | Build | House |
| 6:01 | Queue | Villager (Male) |
| 6:02 | Queue | Villager (Male) |
| 6:03 | Queue | Villager (Male) |
| 6:50 | Queue | Villager (Male) |
| 6:50 | Queue | Villager (Male) |
| 6:51 | Queue | Villager (Male) |
| 6:51 | Queue | Villager (Male) |
| 7:34 | Queue | Villager (Male) |
| 7:59 | Build | Mining Camp |
| 8:16 | Build | Mining Camp |
| 8:22 | Queue | Villager (Male) |
| 8:45 | Build | Mill |
| 9:22 | Queue | Villager (Male) |
| 10:16 | Research | Feudal Age |
| 10:16 | Research | Feudal Age |
| 10:33 | Build | Barracks |
| 11:12 | Build | House |
| 12:01 | Queue | Villager (Male) |
| 12:01 | Queue | Villager (Male) |
| 12:26 | Age | Feudal Age |
| 12:32 | Build | Blacksmith |
| 12:48 | Build | Stable |
| 12:51 | Build | House |
| 12:53 | Queue | Villager (Male) |
| 13:17 | Build | Farm |
| 13:17 | Build | Farm |
| 13:18 | Build | Farm |
| 13:19 | Build | Farm |
| 13:25 | Queue | Villager (Male) |
| 13:58 | Queue | Villager (Male) |
| 14:09 | Build | Farm |
| 14:21 | Queue | Villager (Male) |
| 14:36 | Build | Farm |
| 14:41 | Queue | Villager (Male) |
| 14:59 | Build | Farm |
| 15:07 | Build | Farm |
| 15:07 | Build | Farm |
| 15:08 | Build | Farm |
| 15:09 | Build | Farm |
| 15:23 | Build | House |
| 15:40 | Research | Castle Age |
| 15:41 | Research | Castle Age |
| 15:56 | Build | Stone Wall |
| 16:08 | Build | Stone Wall |
| 16:35 | Queue | Villager (Male) |
| 16:36 | Queue | Villager (Male) |
| 16:37 | Queue | Villager (Male) |
| 16:59 | Research | Double-Bit Axe |
| 17:04 | Research | Horse Collar |
| 17:26 | Research | Forging |
| 17:59 | Research | Bloodlines |
| 18:20 | Age | Castle Age |
| 18:29 | Queue | Knight |
| 18:49 | Queue | Villager (Male) |
| 18:58 | Build | Town Center |
| 19:07 | Research | Squires |
| 19:30 | Build | Stone Wall |
| 19:51 | Queue | Villager (Male) |
| 19:56 | Queue | Villager (Male) |
| 19:56 | Queue | Villager (Male) |
| 20:16 | Build | Town Center |
| 20:23 | Build | Farm |
| 20:23 | Build | Farm |
| 20:23 | Build | Farm |
| 20:49 | Research | Pikeman (upgrade) |
| 21:05 | Queue | Villager (Male) |
| 21:05 | Queue | Villager (Male) |
| 21:05 | Queue | Villager (Male) |
| 21:09 | Queue | Villager (Male) |
| 21:17 | Queue | Villager (Male) |
| 21:17 | Queue | Villager (Male) |
| 21:17 | Queue | Villager (Male) |
| 21:20 | Queue | Villager (Male) |
| 21:46 | Build | Stone Wall |
| 21:50 | Build | Stone Wall |
| 21:56 | Queue | Villager (Male) |
| 22:05 | Build | Farm |
| 22:05 | Build | Farm |
| 22:06 | Build | Farm |
| 22:06 | Build | Farm |
| 22:16 | Queue | Villager (Male) |
| 22:17 | Queue | Villager (Male) |
| 22:17 | Queue | Villager (Male) |
| 22:27 | Research | Bow Saw |
| 22:42 | Research | Heavy Plow |
| 22:52 | Build | Farm |
| 22:56 | Queue | Villager (Male) |
| 23:05 | Queue | Villager (Male) |
| 23:13 | Build | Farm |
| 23:20 | Queue | Villager (Male) |
| 23:45 | Build | Gate |
| 23:51 | Build | Farm |
| 23:51 | Build | Farm |
| 23:53 | Queue | Villager (Male) |
| 23:56 | Queue | Villager (Male) |
| 23:58 | Queue | Villager (Male) |
| 24:01 | Build | Farm |
| 24:07 | Research | Wheelbarrow |
| 24:11 | Build | Farm |
| 24:27 | Queue | Villager (Male) |
| 24:27 | Queue | Villager (Male) |
| 24:27 | Queue | Villager (Male) |
| 24:28 | Queue | Villager (Male) |
| 24:28 | Queue | Villager (Male) |
| 24:30 | Build | Farm |
| 25:00 | Queue | Villager (Male) |
| 25:01 | Queue | Villager (Male) |
| 25:01 | Queue | Villager (Male) |
| 25:02 | Queue | Villager (Male) |
| 25:08 | Build | Farm |
| 25:19 | Build | Farm |
| 25:23 | Research | Iron Casting |
| 25:42 | Build | Castle |
| 25:48 | Research | Scale Barding Armor |
| 25:49 | Research | Scale Mail Armor |
| 26:06 | Build | House |
| 26:06 | Build | House |
| 26:06 | Build | House |
| 26:07 | Build | House |
| 26:07 | Build | House |
| 26:07 | Build | House |
| 26:07 | Build | House |
| 26:08 | Build | House |
Build order — Matarreyes
First 150 of 329 actions detected
| 0:03 | Build | House |
| 0:04 | Build | House |
| 0:05 | Queue | Villager (Male) |
| 0:06 | Queue | Villager (Male) |
| 0:06 | Queue | Villager (Male) |
| 0:06 | Queue | Villager (Male) |
| 1:31 | Queue | Villager (Male) |
| 1:32 | Queue | Villager (Male) |
| 2:35 | Queue | Villager (Male) |
| 2:36 | Queue | Villager (Male) |
| 2:48 | Build | Palisade Wall |
| 3:01 | Build | Palisade Wall |
| 3:39 | Queue | Villager (Male) |
| 3:40 | Queue | Villager (Male) |
| 3:40 | Queue | Villager (Male) |
| 3:56 | Queue | Villager (Male) |
| 4:16 | Research | Loom |
| 4:51 | Queue | Villager (Male) |
| 4:53 | Build | Lumber Camp |
| 5:15 | Queue | Villager (Male) |
| 5:16 | Queue | Villager (Male) |
| 5:25 | Build | House |
| 5:29 | Build | House |
| 6:42 | Queue | Villager (Male) |
| 6:42 | Queue | Villager (Male) |
| 6:42 | Queue | Villager (Male) |
| 6:42 | Queue | Villager (Male) |
| 6:43 | Queue | Villager (Male) |
| 6:47 | Build | House |
| 7:11 | Build | Mill |
| 8:29 | Build | Mining Camp |
| 8:32 | Queue | Villager (Male) |
| 8:59 | Build | Palisade Wall |
| 10:00 | Build | Palisade Wall |
| 10:50 | Build | Palisade Wall |
| 11:33 | Research | Feudal Age |
| 11:41 | Build | Lumber Camp |
| 11:44 | Queue | Villager (Male) |
| 13:09 | Build | Barracks |
| 13:25 | Queue | Villager (Male) |
| 13:25 | Queue | Villager (Male) |
| 13:26 | Queue | Villager (Male) |
| 13:28 | Build | Mill |
| 13:32 | Queue | Villager (Male) |
| 13:33 | Queue | Villager (Male) |
| 13:33 | Queue | Villager (Male) |
| 13:43 | Age | Feudal Age |
| 13:44 | Build | House |
| 13:46 | Build | House |
| 14:02 | Build | Stone Wall |
| 14:08 | Build | Gate |
| 14:22 | Build | Blacksmith |
| 14:31 | Build | House |
| 15:02 | Research | Double-Bit Axe |
| 15:04 | Research | Horse Collar |
| 15:39 | Build | Archery Range |
| 15:56 | Build | Market |
| 16:08 | Build | Stone Wall |
| 16:11 | Build | Stone Wall |
| 16:45 | Build | Stone Wall |
| 16:48 | Queue | Villager (Male) |
| 16:48 | Queue | Villager (Male) |
| 16:48 | Queue | Villager (Male) |
| 16:48 | Queue | Villager (Male) |
| 16:53 | Queue | Villager (Male) |
| 16:53 | Queue | Villager (Male) |
| 17:52 | Research | Scale Barding Armor |
| 17:52 | Research | Forging |
| 18:10 | Build | Mining Camp |
| 18:14 | Queue | Villager (Male) |
| 18:14 | Queue | Villager (Male) |
| 18:25 | Build | Gate |
| 18:32 | Build | Stone Wall |
| 18:54 | Build | Farm |
| 18:55 | Build | Farm |
| 18:55 | Build | Farm |
| 18:55 | Build | Farm |
| 18:56 | Build | Farm |
| 18:56 | Build | Farm |
| 18:56 | Build | Farm |
| 19:24 | Queue | Villager (Male) |
| 19:24 | Queue | Villager (Male) |
| 19:24 | Queue | Villager (Male) |
| 19:35 | Build | Farm |
| 19:40 | Build | Farm |
| 19:40 | Build | Farm |
| 19:40 | Build | Farm |
| 20:01 | Queue | Trade Cart |
| 20:01 | Queue | Trade Cart |
| 20:16 | Build | Lumber Camp |
| 20:25 | Build | Farm |
| 21:30 | Build | House |
| 21:31 | Build | House |
| 21:32 | Build | House |
| 21:33 | Build | House |
| 21:35 | Build | House |
| 21:36 | Build | House |
| 22:33 | Research | Castle Age |
| 22:59 | Build | Farm |
| 22:59 | Build | Farm |
| 22:59 | Build | Farm |
| 23:00 | Build | Farm |
| 23:00 | Build | Farm |
| 23:32 | Research | Scale Mail Armor |
| 24:11 | Research | Fletching |
| 24:11 | Research | Padded Archer Armor |
| 24:22 | Build | House |
| 24:24 | Build | House |
| 24:25 | Build | House |
| 24:27 | Build | House |
| 24:28 | Build | House |
| 24:30 | Build | House |
| 25:12 | Build | Lumber Camp |
| 25:13 | Age | Castle Age |
| 25:18 | Queue | Villager (Male) |
| 25:19 | Queue | Villager (Male) |
| 25:19 | Queue | Villager (Male) |
| 25:37 | Build | Town Center |
| 25:44 | Queue | Villager (Male) |
| 25:44 | Queue | Villager (Male) |
| 26:07 | Build | Castle |
| 26:12 | Research | Stone Mining |
| 26:15 | Research | Gold Mining |
| 26:26 | Queue | Villager (Male) |
| 26:26 | Queue | Villager (Male) |
| 26:26 | Queue | Villager (Male) |
| 26:34 | Build | House |
| 26:36 | Build | House |
| 26:56 | Build | University |
| 27:03 | Build | Monastery |
| 27:17 | Research | Bow Saw |
| 27:21 | Research | Horse Collar |
| 27:28 | Queue | Villager (Male) |
| 27:29 | Queue | Villager (Male) |
| 27:29 | Queue | Villager (Male) |
| 27:29 | Queue | Villager (Male) |
| 27:30 | Queue | Villager (Male) |
| 27:30 | Queue | Villager (Male) |
| 27:30 | Queue | Villager (Male) |
| 27:48 | Queue | Villager (Male) |
| 27:48 | Queue | Villager (Male) |
| 27:48 | Queue | Villager (Male) |
| 27:55 | Research | Gold Shaft Mining |
| 27:57 | Queue | Monk |
| 28:02 | Queue | Trade Cart |
| 28:03 | Queue | Trade Cart |
| 28:03 | Queue | Trade Cart |
| 28:29 | Queue | Berserk |
| 28:30 | Queue | Berserk |
| 28:30 | Queue | Berserk |
Build order — vitavidal91
First 150 of 455 actions detected
| 0:03 | Queue | Villager (Male) |
| 0:04 | Queue | Villager (Male) |
| 0:07 | Build | House |
| 0:08 | Build | House |
| 0:53 | Queue | Villager (Male) |
| 1:14 | Queue | Villager (Male) |
| 1:29 | Queue | Villager (Male) |
| 2:08 | Queue | Villager (Male) |
| 2:18 | Build | House |
| 2:21 | Queue | Villager (Male) |
| 3:02 | Queue | Villager (Male) |
| 3:34 | Queue | Villager (Male) |
| 3:34 | Queue | Villager (Male) |
| 4:10 | Queue | Villager (Male) |
| 4:46 | Queue | Villager (Male) |
| 5:00 | Queue | Villager (Male) |
| 5:13 | Queue | Villager (Male) |
| 5:35 | Queue | Villager (Male) |
| 5:50 | Build | Dock |
| 5:59 | Build | House |
| 6:03 | Queue | Villager (Male) |
| 6:19 | Queue | Villager (Male) |
| 6:36 | Queue | Fishing Ship |
| 6:38 | Queue | Villager (Male) |
| 6:48 | Queue | Villager (Male) |
| 7:40 | Build | Lumber Camp |
| 7:45 | Queue | Villager (Male) |
| 8:34 | Queue | Fishing Ship |
| 8:36 | Queue | Villager (Male) |
| 9:00 | Queue | Villager (Male) |
| 9:05 | Research | Feudal Age |
| 9:05 | Research | Feudal Age |
| 9:19 | Build | Mill |
| 9:46 | Build | Mining Camp |
| 10:09 | Queue | Fishing Ship |
| 10:19 | Build | House |
| 10:33 | Build | House |
| 10:39 | Queue | Fishing Ship |
| 11:15 | Age | Feudal Age |
| 11:16 | Queue | Villager (Male) |
| 11:32 | Queue | Villager (Male) |
| 11:35 | Queue | Villager (Male) |
| 11:50 | Build | Dock |
| 11:52 | Queue | Fishing Ship |
| 12:07 | Build | Mill |
| 12:11 | Queue | Villager (Male) |
| 12:23 | Queue | Fishing Ship |
| 12:47 | Queue | Fishing Ship |
| 12:55 | Queue | Fishing Ship |
| 12:57 | Queue | Villager (Male) |
| 13:37 | Build | Stone Wall |
| 13:41 | Build | Gate |
| 13:42 | Queue | Villager (Male) |
| 13:43 | Queue | Villager (Male) |
| 13:45 | Queue | Villager (Male) |
| 13:52 | Build | Market |
| 14:02 | Build | Blacksmith |
| 14:05 | Queue | Villager (Male) |
| 14:59 | Research | Castle Age |
| 15:16 | Build | Lumber Camp |
| 16:02 | Build | Stone Wall |
| 16:36 | Build | House |
| 16:38 | Build | House |
| 17:39 | Age | Castle Age |
| 17:44 | Queue | Villager (Male) |
| 17:45 | Queue | Villager (Male) |
| 18:06 | Build | Town Center |
| 18:15 | Queue | Villager (Male) |
| 18:16 | Queue | Villager (Male) |
| 18:20 | Build | House |
| 18:20 | Build | House |
| 18:20 | Build | House |
| 18:20 | Build | House |
| 18:38 | Build | Dock |
| 18:43 | Queue | Longboat |
| 18:48 | Queue | Longboat |
| 18:48 | Queue | Longboat |
| 18:50 | Queue | Longboat |
| 19:10 | Build | Mining Camp |
| 19:14 | Queue | Villager (Male) |
| 19:17 | Queue | Villager (Male) |
| 19:17 | Queue | Villager (Male) |
| 19:17 | Queue | Villager (Male) |
| 19:20 | Queue | Villager (Male) |
| 19:21 | Queue | Villager (Male) |
| 19:26 | Queue | Fishing Ship |
| 19:26 | Queue | Fishing Ship |
| 19:35 | Queue | Longboat |
| 19:36 | Queue | Longboat |
| 19:44 | Queue | Villager (Male) |
| 19:49 | Build | Farm |
| 19:49 | Build | Farm |
| 19:49 | Build | Farm |
| 19:50 | Build | Farm |
| 19:50 | Build | Farm |
| 19:50 | Build | Farm |
| 19:51 | Build | Farm |
| 19:51 | Build | Farm |
| 19:51 | Build | Farm |
| 20:00 | Queue | Villager (Male) |
| 20:04 | Queue | Villager (Male) |
| 20:14 | Queue | Villager (Male) |
| 20:14 | Queue | Villager (Male) |
| 20:14 | Queue | Villager (Male) |
| 20:52 | Queue | Villager (Male) |
| 20:53 | Queue | Villager (Male) |
| 20:53 | Queue | Villager (Male) |
| 21:00 | Queue | Longboat |
| 21:00 | Queue | Longboat |
| 21:01 | Queue | Longboat |
| 21:01 | Queue | Longboat |
| 22:01 | Build | Dock |
| 22:16 | Queue | Villager (Male) |
| 22:16 | Queue | Villager (Male) |
| 22:16 | Queue | Villager (Male) |
| 22:16 | Queue | Villager (Male) |
| 22:22 | Build | Lumber Camp |
| 22:33 | Queue | Fishing Ship |
| 22:34 | Queue | Fishing Ship |
| 22:35 | Queue | Fishing Ship |
| 22:49 | Build | Dock |
| 23:08 | Queue | Villager (Male) |
| 23:08 | Queue | Villager (Male) |
| 23:08 | Queue | Villager (Male) |
| 23:18 | Research | Double-Bit Axe |
| 23:20 | Research | Horse Collar |
| 23:33 | Queue | Villager (Male) |
| 23:34 | Queue | Villager (Male) |
| 23:42 | Build | Mining Camp |
| 23:52 | Research | Loom |
| 23:54 | Queue | Villager (Male) |
| 23:54 | Queue | Villager (Male) |
| 24:05 | Research | Tech 906 |
| 24:25 | Queue | Villager (Male) |
| 24:26 | Queue | Villager (Male) |
| 24:43 | Build | Mill |
| 24:43 | Build | Farm |
| 24:44 | Build | Farm |
| 24:44 | Build | Farm |
| 24:44 | Build | Farm |
| 24:44 | Build | Farm |
| 24:45 | Build | Farm |
| 24:45 | Build | Farm |
| 24:45 | Build | Farm |
| 24:45 | Build | Farm |
| 24:50 | Queue | Villager (Male) |
| 24:53 | Build | Lumber Camp |
| 25:29 | Queue | Longboat |
| 25:29 | Queue | Longboat |
| 25:29 | Queue | Longboat |
Build order — Chekesin89
First 150 of 257 actions detected
| 0:13 | Build | House |
| 0:16 | Build | House |
| 0:18 | Build | House |
| 0:55 | Build | Mill |
| 1:03 | Queue | Villager (Male) |
| 1:03 | Queue | Villager (Male) |
| 1:05 | Queue | Villager (Male) |
| 1:06 | Queue | Villager (Male) |
| 3:08 | Queue | Villager (Male) |
| 3:40 | Queue | Villager (Male) |
| 4:20 | Queue | Villager (Male) |
| 4:45 | Build | Palisade Wall |
| 4:59 | Build | Palisade Wall |
| 5:02 | Build | Palisade Wall |
| 5:25 | Queue | Villager (Male) |
| 5:25 | Queue | Villager (Male) |
| 5:26 | Queue | Villager (Male) |
| 5:26 | Queue | Villager (Male) |
| 5:26 | Queue | Villager (Male) |
| 6:10 | Queue | Villager (Male) |
| 6:11 | Queue | Villager (Male) |
| 6:32 | Build | Lumber Camp |
| 7:20 | Build | Palisade Wall |
| 7:49 | Build | Palisade Wall |
| 7:49 | Build | Palisade Wall |
| 8:06 | Build | House |
| 8:08 | Queue | Villager (Male) |
| 8:09 | Queue | Villager (Male) |
| 8:10 | Queue | Villager (Male) |
| 8:11 | Queue | Villager (Male) |
| 8:11 | Queue | Villager (Male) |
| 9:11 | Build | Mining Camp |
| 9:24 | Queue | Villager (Male) |
| 9:44 | Build | House |
| 10:03 | Research | Feudal Age |
| 11:02 | Build | Mill |
| 11:02 | Build | Mill |
| 11:22 | Queue | Villager (Male) |
| 11:23 | Queue | Villager (Male) |
| 11:23 | Queue | Villager (Male) |
| 11:24 | Queue | Villager (Male) |
| 11:24 | Queue | Villager (Male) |
| 11:24 | Queue | Villager (Male) |
| 11:32 | Research | Loom |
| 11:43 | Build | Barracks |
| 12:13 | Age | Feudal Age |
| 13:16 | Build | Market |
| 13:24 | Research | Wheelbarrow |
| 13:52 | Build | House |
| 13:54 | Build | House |
| 13:56 | Build | House |
| 13:58 | Build | House |
| 14:00 | Build | House |
| 14:59 | Build | Mining Camp |
| 15:17 | Build | Blacksmith |
| 15:43 | Build | Farm |
| 15:55 | Build | Farm |
| 16:21 | Build | Farm |
| 16:45 | Research | Castle Age |
| 17:02 | Build | Farm |
| 17:05 | Build | Farm |
| 19:23 | Build | Farm |
| 19:25 | Age | Castle Age |
| 19:27 | Build | Farm |
| 19:47 | Build | Town Center |
| 19:53 | Queue | Villager (Male) |
| 19:53 | Queue | Villager (Male) |
| 19:53 | Queue | Villager (Male) |
| 19:54 | Queue | Villager (Male) |
| 20:00 | Build | Farm |
| 20:02 | Build | Farm |
| 20:05 | Build | Farm |
| 20:06 | Build | Farm |
| 20:30 | Research | Double-Bit Axe |
| 21:10 | Research | Gold Mining |
| 21:15 | Queue | Villager (Male) |
| 21:16 | Queue | Villager (Male) |
| 21:19 | Queue | Villager (Male) |
| 21:48 | Build | Castle |
| 22:03 | Queue | Villager (Male) |
| 22:03 | Queue | Villager (Male) |
| 22:03 | Queue | Villager (Male) |
| 22:04 | Queue | Villager (Male) |
| 22:04 | Queue | Villager (Male) |
| 22:09 | Build | Farm |
| 22:11 | Build | Farm |
| 22:56 | Build | Monastery |
| 23:05 | Queue | Villager (Male) |
| 23:06 | Queue | Villager (Male) |
| 23:10 | Research | Hand Cart |
| 23:12 | Queue | Villager (Male) |
| 23:52 | Build | House |
| 23:52 | Build | House |
| 23:54 | Build | House |
| 24:05 | Build | Farm |
| 24:08 | Queue | Monk |
| 24:32 | Research | Bow Saw |
| 24:37 | Queue | Villager (Male) |
| 24:42 | Queue | Villager (Male) |
| 24:42 | Queue | Villager (Male) |
| 24:42 | Queue | Villager (Male) |
| 24:43 | Queue | Villager (Male) |
| 24:48 | Build | Farm |
| 24:55 | Build | Farm |
| 24:55 | Build | Farm |
| 25:56 | Build | Stable |
| 26:02 | Queue | Villager (Male) |
| 26:02 | Queue | Villager (Male) |
| 26:02 | Queue | Villager (Male) |
| 26:06 | Queue | Villager (Male) |
| 26:07 | Queue | Villager (Male) |
| 26:11 | Queue | Villager (Male) |
| 26:11 | Queue | Villager (Male) |
| 26:14 | Build | Farm |
| 26:23 | Build | Farm |
| 27:02 | Build | Stable |
| 27:08 | Research | Husbandry |
| 27:12 | Research | Bloodlines |
| 27:35 | Build | Farm |
| 27:40 | Build | Farm |
| 27:49 | Research | Imperial Age |
| 28:01 | Build | Town Center |
| 28:13 | Queue | Villager (Male) |
| 28:14 | Queue | Villager (Male) |
| 28:15 | Queue | Villager (Male) |
| 28:15 | Queue | Villager (Male) |
| 28:56 | Build | Farm |
| 29:01 | Research | Horse Collar |
| 29:33 | Research | Heavy Plow |
| 29:45 | Queue | Shrivamsha Rider |
| 29:48 | Research | Husbandry |
| 29:49 | Research | Bloodlines |
| 30:24 | Build | House |
| 30:25 | Build | House |
| 30:27 | Build | House |
| 30:28 | Build | House |
| 30:37 | Queue | Villager (Male) |
| 30:37 | Queue | Villager (Male) |
| 30:46 | Build | Lumber Camp |
| 30:54 | Queue | Villager (Male) |
| 30:54 | Queue | Villager (Male) |
| 30:55 | Queue | Villager (Male) |
| 30:55 | Queue | Villager (Male) |
| 30:56 | Queue | Villager (Male) |
| 30:56 | Queue | Villager (Male) |
| 30:56 | Queue | Villager (Male) |
| 31:01 | Build | Farm |
| 31:04 | Build | Farm |
| 31:04 | Build | Farm |
| 31:05 | Build | Farm |
Build order — GuilleLeopold17
First 150 of 431 actions detected
| 0:05 | Queue | Villager (Male) |
| 0:05 | Queue | Villager (Male) |
| 0:05 | Queue | Villager (Male) |
| 0:05 | Queue | Villager (Male) |
| 0:08 | Build | House |
| 0:09 | Build | House |
| 1:27 | Queue | Villager (Male) |
| 1:28 | Queue | Villager (Male) |
| 2:06 | Queue | Villager (Male) |
| 2:06 | Queue | Villager (Male) |
| 2:33 | Queue | Villager (Male) |
| 2:34 | Queue | Villager (Male) |
| 2:42 | Build | Lumber Camp |
| 2:56 | Queue | Villager (Male) |
| 2:56 | Queue | Villager (Male) |
| 2:57 | Queue | Villager (Male) |
| 3:38 | Queue | Villager (Male) |
| 3:38 | Queue | Villager (Male) |
| 3:45 | Build | House |
| 3:46 | Build | House |
| 4:06 | Queue | Villager (Male) |
| 4:06 | Queue | Villager (Male) |
| 4:41 | Queue | Villager (Male) |
| 4:41 | Queue | Villager (Male) |
| 4:58 | Queue | Villager (Male) |
| 4:58 | Queue | Villager (Male) |
| 5:28 | Queue | Villager (Male) |
| 5:28 | Queue | Villager (Male) |
| 5:28 | Queue | Villager (Male) |
| 5:47 | Build | Dock |
| 6:05 | Queue | Villager (Male) |
| 6:06 | Queue | Villager (Male) |
| 6:06 | Queue | Villager (Male) |
| 6:07 | Queue | Villager (Male) |
| 6:38 | Queue | Villager (Male) |
| 7:00 | Build | Mill |
| 7:04 | Queue | Fishing Ship |
| 7:04 | Queue | Fishing Ship |
| 7:12 | Queue | Villager (Male) |
| 7:12 | Queue | Villager (Male) |
| 7:53 | Queue | Fishing Ship |
| 7:54 | Queue | Fishing Ship |
| 8:09 | Queue | Fishing Ship |
| 8:36 | Queue | Villager (Male) |
| 9:10 | Research | Feudal Age |
| 9:22 | Build | Mining Camp |
| 9:53 | Queue | Fishing Ship |
| 9:54 | Queue | Fishing Ship |
| 10:01 | Build | House |
| 10:02 | Build | House |
| 11:09 | Build | Dock |
| 11:20 | Age | Feudal Age |
| 11:27 | Queue | Villager (Male) |
| 11:27 | Queue | Villager (Male) |
| 12:01 | Queue | Fishing Ship |
| 12:01 | Queue | Fishing Ship |
| 12:07 | Queue | Unit 2626 |
| 12:07 | Queue | Unit 2626 |
| 12:08 | Queue | Unit 2626 |
| 12:17 | Queue | Villager (Male) |
| 12:17 | Queue | Villager (Male) |
| 13:16 | Build | Blacksmith |
| 13:22 | Build | Market |
| 13:24 | Queue | Villager (Male) |
| 13:25 | Queue | Villager (Male) |
| 13:25 | Queue | Villager (Male) |
| 13:25 | Queue | Villager (Male) |
| 13:51 | Queue | Fishing Ship |
| 13:52 | Queue | Fishing Ship |
| 14:31 | Build | Farm |
| 14:31 | Build | Farm |
| 14:32 | Build | Farm |
| 14:34 | Build | Farm |
| 14:34 | Build | Farm |
| 14:45 | Research | Double-Bit Axe |
| 14:59 | Research | Castle Age |
| 15:04 | Build | Farm |
| 15:04 | Build | Farm |
| 15:05 | Build | Farm |
| 15:30 | Build | Farm |
| 15:31 | Build | Farm |
| 15:31 | Build | Farm |
| 15:32 | Build | Farm |
| 15:32 | Build | Farm |
| 15:32 | Build | Farm |
| 15:36 | Build | Farm |
| 15:37 | Build | Farm |
| 15:38 | Build | Farm |
| 15:38 | Build | Farm |
| 15:38 | Build | Farm |
| 15:39 | Build | Farm |
| 15:39 | Build | Farm |
| 15:39 | Build | Farm |
| 15:39 | Build | Farm |
| 15:40 | Build | Farm |
| 15:40 | Build | Farm |
| 15:41 | Build | Farm |
| 15:41 | Build | Farm |
| 15:42 | Build | Farm |
| 15:42 | Build | Farm |
| 15:42 | Build | Farm |
| 15:43 | Build | Farm |
| 15:43 | Build | Farm |
| 15:43 | Build | Farm |
| 15:44 | Build | Farm |
| 15:45 | Build | Farm |
| 15:47 | Build | Farm |
| 16:02 | Build | Stone Wall |
| 16:41 | Research | Tech 906 |
| 16:43 | Queue | Fishing Ship |
| 16:43 | Queue | Fishing Ship |
| 16:44 | Queue | Fishing Ship |
| 16:54 | Queue | Villager (Male) |
| 16:54 | Queue | Villager (Male) |
| 16:54 | Queue | Villager (Male) |
| 17:08 | Build | Stone Wall |
| 17:21 | Build | Farm |
| 17:22 | Build | Farm |
| 17:22 | Build | Farm |
| 17:22 | Build | Farm |
| 17:33 | Build | House |
| 17:34 | Build | House |
| 17:44 | Age | Castle Age |
| 17:46 | Build | Stone Wall |
| 17:48 | Build | Stone Wall |
| 17:54 | Queue | Villager (Male) |
| 17:54 | Queue | Villager (Male) |
| 18:17 | Build | Town Center |
| 18:21 | Queue | Villager (Male) |
| 18:50 | Queue | Unit 2626 |
| 18:50 | Queue | Unit 2626 |
| 18:51 | Queue | Unit 2626 |
| 18:51 | Research | Gillnets |
| 18:56 | Queue | Villager (Male) |
| 19:09 | Queue | Villager (Male) |
| 19:10 | Queue | Villager (Male) |
| 19:39 | Build | Stone Wall |
| 20:00 | Build | Barracks |
| 20:11 | Queue | Villager (Male) |
| 20:11 | Queue | Villager (Male) |
| 20:12 | Queue | Villager (Male) |
| 20:12 | Queue | Villager (Male) |
| 20:12 | Queue | Villager (Male) |
| 20:22 | Queue | Fishing Ship |
| 20:22 | Queue | Fishing Ship |
| 20:22 | Queue | Fishing Ship |
| 20:34 | Queue | Villager (Male) ×5 |
| 21:39 | Build | Town Center |
| 21:51 | Build | Archery Range |
| 21:52 | Build | Archery Range |
Match timeline
| 2:48 | Matarreyes · wall_segment Palisade Wall x6 |
| 3:01 | Matarreyes · wall_segment Palisade Wall x1 |
| 3:47 | Odiseo · first_building Dock |
| 4:43 | Odiseo · wall_segment Palisade Wall x9 |
| 4:45 | Chekesin89 · wall_segment Palisade Wall x9 |
| 4:59 | Chekesin89 · wall_segment Palisade Wall x2 |
| 5:02 | Chekesin89 · wall_segment Palisade Wall x1 |
| 5:47 | GuilleLeopold17 · first_building Dock |
| 5:50 | vitavidal91 · first_building Dock |
| 7:20 | Chekesin89 · wall_segment Palisade Wall x7 |
| 7:49 | Chekesin89 · wall_segment Palisade Wall x1 |
| 7:49 | Chekesin89 · wall_segment Palisade Wall x1 |
| 7:52 | Odiseo · wall_segment Palisade Wall x1 |
| 8:12 | Odiseo · wall_segment Palisade Wall x1 |
| 8:59 | Matarreyes · wall_segment Palisade Wall x5 |
| 9:50 | Odiseo · first_building Barracks |
| 10:00 | Matarreyes · wall_segment Palisade Wall x8 |
| 10:33 | felipegarcia92 · first_building Barracks |
| 10:50 | Matarreyes · wall_segment Palisade Wall x1 |
| 11:15 | vitavidal91 · age_up feudal |
| 11:20 | GuilleLeopold17 · age_up feudal |
| 11:43 | Chekesin89 · first_building Barracks |
| 11:47 | Odiseo · wall_segment Palisade Wall x6 |
| 11:55 | Odiseo · wall_segment Palisade Wall x1 |
| 12:02 | Odiseo · wall_segment Palisade Wall x1 |
| 12:13 | Chekesin89 · age_up feudal |
| 12:16 | Odiseo · age_up feudal |
| 12:26 | felipegarcia92 · age_up feudal |
| 12:48 | felipegarcia92 · first_building Stable |
| 13:09 | Matarreyes · first_building Barracks |
| 13:37 | vitavidal91 · wall_segment Stone Wall x7 |
| 13:43 | Matarreyes · age_up feudal |
| 14:02 | Matarreyes · wall_segment Stone Wall x7 |
| 15:12 | Odiseo · first_building Archery Range |
| 15:39 | Matarreyes · first_building Archery Range |
| 15:56 | felipegarcia92 · wall_segment Stone Wall x4 |
| 16:02 | GuilleLeopold17 · wall_segment Stone Wall x7 |
| 16:02 | vitavidal91 · wall_segment Stone Wall x6 |
| 16:08 | Matarreyes · wall_segment Stone Wall x1 |
| 16:08 | felipegarcia92 · wall_segment Stone Wall x6 |
| 16:11 | Matarreyes · wall_segment Stone Wall x1 |
| 16:29 | Odiseo · first_market_buy 100 food |
| 16:45 | Matarreyes · wall_segment Stone Wall x6 |
| 17:08 | GuilleLeopold17 · wall_segment Stone Wall x5 |
| 17:39 | vitavidal91 · age_up castle |
| 17:44 | GuilleLeopold17 · age_up castle |
| 17:46 | GuilleLeopold17 · wall_segment Stone Wall x3 |
| 17:48 | GuilleLeopold17 · wall_segment Stone Wall x1 |
| 18:20 | felipegarcia92 · age_up castle |
| 18:32 | Matarreyes · wall_segment Stone Wall x6 |
| 19:25 | Chekesin89 · age_up castle |
| 19:30 | felipegarcia92 · wall_segment Stone Wall x4 |
| 19:39 | GuilleLeopold17 · wall_segment Stone Wall x7 |
| 19:40 | Odiseo · age_up castle |
| 20:00 | GuilleLeopold17 · first_building Barracks |
| 20:08 | Odiseo · first_market_sell 100 food |
| 20:41 | GuilleLeopold17 · first_market_buy 100 wood |
| 21:46 | felipegarcia92 · wall_segment Stone Wall x1 |
| 21:48 | Chekesin89 · first_building Castle |
| 21:50 | felipegarcia92 · wall_segment Stone Wall x1 |
| 21:51 | GuilleLeopold17 · first_building Archery Range |
| 22:56 | Chekesin89 · first_building Monastery |
| 24:58 | GuilleLeopold17 · first_building Siege Workshop |
| 25:13 | Matarreyes · age_up castle |
| 25:42 | felipegarcia92 · first_building Castle |
| 25:56 | Chekesin89 · first_building Stable |
| 26:00 | vitavidal91 · first_building Castle |
| 26:07 | Matarreyes · first_building Castle |
| 26:31 | felipegarcia92 · first_building Dock |
| 26:43 | vitavidal91 · first_building Monastery |
| 26:56 | Odiseo · first_building Castle |
| 27:03 | Matarreyes · first_building Monastery |
| 28:41 | Matarreyes · first_building Siege Workshop |
| 28:42 | felipegarcia92 · first_building Siege Workshop |
| 28:58 | GuilleLeopold17 · first_building Castle |
| 31:08 | Chekesin89 · age_up imperial |
| 31:30 | Odiseo · wall_segment Palisade Wall x1 |
| 32:09 | Odiseo · first_building Siege Workshop |
| 34:15 | vitavidal91 · age_up imperial |
| 35:29 | Odiseo · age_up imperial |
| 36:15 | GuilleLeopold17 · age_up imperial |
| 37:12 | felipegarcia92 · wall_segment Stone Wall x1 |
| 37:13 | felipegarcia92 · wall_segment Stone Wall x1 |
| 37:17 | felipegarcia92 · wall_segment Stone Wall x1 |
| 37:20 | felipegarcia92 · wall_segment Stone Wall x7 |
| 39:47 | felipegarcia92 · first_building Monastery |
| 41:17 | felipegarcia92 · age_up imperial |
| 42:11 | felipegarcia92 · wall_segment Stone Wall x3 |
| 42:15 | felipegarcia92 · wall_segment Stone Wall x8 |
| 42:17 | felipegarcia92 · wall_segment Stone Wall x3 |
| 43:36 | vitavidal91 · first_building Barracks |
| 45:09 | vitavidal91 · first_building Archery Range |
| 46:48 | Chekesin89 · first_building Archery Range |
| 47:08 | Matarreyes · age_up imperial |
| 49:38 | GuilleLeopold17 · first_market_sell 500 stone |
| 51:28 | Matarreyes · resign |
[ AI ANALYSIS · 1 CREDIT ]
What really happened in this match?
Wolo.gg analyzes every decision: build order, eco, micro, common mistakes by bracket. Personalized analysis on WhatsApp or Discord in 30 seconds.
Civ guide
Ethiopians
Perfil
Jugador #195113